 Dungeon Crawl Stone Soup version 0.20.1-1-g8b1a95d (webtiles) character file.

138 Keyn the Skirmisher (level 5, -6/42 HPs)
             Began as a Demonspawn Chaos Knight on July 17, 2017.
             Killed by nerve-wracking pain
             ... invoked by Grinder
              (7 damage)
             ... on level 4 of the Dungeon.
             The game lasted 00:12:35 (1956 turns).

Keyn the Skirmisher (Demonspawn Chaos Knight)       Turns: 1956, Time: 00:12:35

Health: -6/42      AC:  5    Str: 13    XL:     5   Next: 1%
Magic:  5/5        EV: 12    Int: 13    God:    Xom [*.....]
Gold:   149        SH:  0    Dex: 13    Spells: 4/4 levels left

rFire    . . .     SeeInvis .   i - +2 falchion (protect)
rCold    + . .     Gourm    .   (no shield)
rNeg     . . .     Faith    .   b - +2 leather armour
rPois    .         Spirit   .   (no helmet)
rElec    .         Reflect  .   (no cloak)
rCorr    .         Harm     .   (no gloves)
MR       .....                  (no boots)
Stlth    +.........             (no amulet)
Regen    0.2/turn               g - ring of protection from cold (curse)
MPRegen  0.1/turn               (no ring)

@: no status effects
A: claws 1, spiny 1
a: Renounce Religion


You were on level 4 of the Dungeon.
You worshipped Xom.
You were a special plaything of Xom.
You were not hungry.

You visited 1 branch of the dungeon, and saw 4 of its levels.

You collected 149 gold pieces.

Inventory:

Hand Weapons
 a - a +0 falchion of chaos
 i - a +2 falchion of protection (weapon)
Armour
 b - a +2 leather armour (worn)
Jewellery
 g - a cursed ring of protection from cold (left claw)
 j - an uncursed ring of protection from fire {unknown}
 l - an uncursed ring of see invisible {unknown}
Scrolls
 f - a scroll of remove curse {unknown}
Potions
 e - a potion of berserk rage
 h - 2 potions of lignification {unknown}
 m - a potion of might
Comestibles
 c - 5 bread rations
 d - 2 meat rations
 k - a royal jelly


   Skills:
 + Level 3.8 Fighting
 + Level 3.3 Long Blades
 + Level 2.8 Armour
 + Level 2.4 Dodging


You had 4 spell levels left.
You didn't know any spells.

Dungeon Overview and Level Annotations

Branches:
Dungeon (4/15)
 Temple: D:4-7

Altars:
Dithmenos
Elyvilon
Gozag
Hepliaklqana
Kikubaaqudgha
Xom

Annotations:
D:4 Grinder


Innate Abilities, Weirdness & Mutations

You have sharp fingernails.
You are partially covered in sharp spines.


Message History

Pain shoots through your body!
* * * LOW HITPOINT WARNING * * *
You barely miss Grinder.
Grinder is severely wounded. "Boo!"
Grinder blinks!
Grinder gestures at you.
You suddenly lose the ability to move!
Grinder is struck by your spines. Grinder hits you.
* * * LOW HITPOINT WARNING * * *
Grinder hits you but does no damage. Grinder gestures at you.
You resist with significant effort.
You can move again.
You closely miss Grinder.
Grinder is almost dead.
Grinder blinks!
Grinder gestures at you. Pain shoots through your body!
You die...

#.....#
#.#
#####.#
#.# #.#
#.# #.#
#.# #.#
#.# #.#
#.# #.#
#.#
#.#####.#
#..5...@#
#########


You could see Grinder.

Vanquished Creatures
  A howler monkey (D:3)
  2 adders (D:3)
  3 oozes
  A worm (D:2)
  2 dart slugs
  3 leopard geckos
  2 orcs (D:3)
  4 bats
  A giant cockroach (D:3)
  9 goblins
  6 hobgoblins
  6 jackals
  2 quokkas
  4 frilled lizards
  3 kobolds
  3 rats
52 creatures vanquished.

Vanquished Creatures (others)
  A human (D:3)
1 creature vanquished.

Grand Total: 53 creatures vanquished

Notes
Turn   | Place    | Note
-------+----------+-------------------------------------------
     0 | D:1      | Keyn the Demonspawn Chaos Knight began the quest for the Orb.
     0 | D:1      | Reached XP level 1. HP: 18/18 MP: 1/1
    57 | D:1      | XOM: harmless Erth miscast
    58 | D:1      | XOM: potion effect (invisibility)
    73 | D:1      | Reached skill level 1 in Dodging
   226 | D:1      | XOM: butterfly on damage
   378 | D:1      | Gained mutation: You are partially covered in sharp spines. [demonic ancestry]
   378 | D:1      | Reached XP level 2. HP: 24/24 MP: 2/2
   853 | D:1      | XOM: scenery: create altars
   858 | D:1      | XOM: scenery: create altars
   905 | D:2      | XOM: stealth player
   913 | D:2      | Reached XP level 3. HP: 29/29 MP: 3/3
   977 | D:2      | XOM: cloud trail
  1059 | D:3      | XOM: stealth player
  1075 | D:3      | Gained mutation: You have sharp fingernails. [demonic ancestry]
  1075 | D:3      | Reached XP level 4. HP: 26/36 MP: 4/4
  1249 | D:3      | XOM: 1-stop teleportation journey
  1427 | D:3      | Found an ancient bone altar of Kikubaaqudgha.
  1517 | D:3      | Noticed a human
  1518 | D:3      | Killed a human
  1586 | D:3      | Found an opulent altar of Gozag.
  1884 | D:3      | Found a hazy altar of Hepliaklqana.
  1884 | D:3      | Found a shadowy altar of Dithmenos.
  1885 | D:3      | Found a white marble altar of Elyvilon.
  1920 | D:4      | Reached XP level 5. HP: 42/42 MP: 5/5
  1941 | D:4      | Noticed Grinder
  1949 | D:4      | HP: 2/42 [Grinder/nerve-wracking pain (7)]
  1950 | D:4      | XOM: noise
  1951 | D:4      | Paralysed by Grinder for 4 turns
  1956 | D:4      | Killed from afar by Grinder

Skill      XL: |  1  2  3 |
---------------+----------+-----
Dodging        | 1 2 |  2.4
Armour         | 2 |  2.8
Long Blades    | 3 |  3.3
Fighting       | |  3.8

Action                   |  1- 3 |  4- 6 || total
-------------------------+-------+-------++-------
Melee: Falchion          |    80 |    42 ||   122
  Use: Scroll            |     4 |       ||     4
       Potion            |     1 |       ||     1
 Stab: Invisible         |     2 |       ||     2
       Sleeping          |     4 |       ||     4
       Paralysed         |     2 |       ||     2
  Eat: Chunk             |       |     3 ||     3
Armor: Leather armour    |    20 |    17 ||    37
Dodge: Dodged            |    45 |    20 ||    65
       Rpst.: Falchion   |    11 |     7 ||    18
